 Dungeon Crawl Stone Soup version 0.21.1-1-g345015f (webtiles) character file.

323 Mirai the Chopper (level 6, -1/53 HPs)
             Began as a Hill Orc Fighter on Mar 6, 2018.
             Killed from afar by a white imp (11 damage)
             ... with a puff of frost
             ... summoned by Eustachio
             ... on level 4 of the Dungeon.
             The game lasted 00:06:18 (2446 turns).

Mirai the Chopper (Hill Orc Fighter)                Turns: 2446, Time: 00:06:18

Health: -1/53      AC: 12    Str: 20 (21) XL:     6   Next: 47%
Magic:  6/6        EV:  4    Int:  7 (8)  God:
Gold:   118        SH:  7    Dex: 10      Spells: 5/5 levels left

rFire    . . .     SeeInvis +   b - +0 hand axe (freeze)
rCold    . . .     Gourm    .   c - +0 shield
rNeg     . . .     Faith    .   u - +3 chain mail {MR+}
rPois    .         Spirit   .   (no helmet)
rElec    .         Reflect  .   (no cloak)
rCorr    .         Harm     .   (no gloves)
MR       +....                  n - +0 pair of boots
Stlth    ..........             (no amulet)
HPRegen  0.17/turn              m - ring of see invisible
MPRegen  0.10/turn              (no ring)

@: very heavily drained
A: no striking features
a: no special abilities


You were on level 4 of the Dungeon.
You were hungry.

You visited 1 branch of the dungeon, and saw 4 of its levels.

You collected 118 gold pieces.

Inventory:

Hand Weapons
 a - a +0 war axe
 b - a +0 hand axe of freezing (weapon)
Armour
 c - a +0 shield (worn)
 n - a +0 pair of boots (worn)
 u - a +3 chain mail of magic resistance (worn)
Jewellery
 m - a ring of see invisible (left hand)
Wands
 d - a wand of random effects (21)
Scrolls
 e - 2 scrolls of identify {unknown}
 h - 2 scrolls of remove curse {unknown}
 i - a scroll of fear {unknown}
 r - 2 scrolls of immolation {unknown}
 s - 2 scrolls of teleportation {unknown}
Potions
 j - a potion of berserk rage {unknown}
 l - a potion of flight
Books
 q - a book of Misfortune

   Spells                             Type                      Level
   a - Confusing Touch                Hexes                        1
   b - Confuse                        Hexes                        3
   c - Gell's Gravitas                Translocation                3
   d - Petrify                        Transmutation/Earth          4
   e - Metabolic Englaciation         Hexes/Ice                    5
   f - Yara's Violent Unravelling     Hexes/Transmutation          5
Comestibles
 f - 8 rations
 g - 3 chunks of flesh


   Skills:
 + Level 4.6(0.5) Fighting
 + Level 5.8(1.5) Axes
 + Level 4.7(0.6) Armour
 + Level 4.7(0.5) Shields


You had 5 spell levels left.
You didn't know any spells.

Dungeon Overview and Level Annotations

Branches:
Dungeon (4/15)             Temple (0/1) D:4

Altars:
Cheibriados
Nemelex Xobeh
Ru
Uskayaw
Yredelemnul

Annotations:
D:4 Eustachio


Message History

You completely miss the quokka.
The quokka bites you but does no damage.
Eustachio hits you but does no damage.
The quasit bites you but does no damage.
You block the quasit's attack.
The quasit claws you but does no damage.
The quokka bites you but does no damage.
Eustachio casts a spell.
Eustachio casts a spell.
Eustachio blinks!
You block the white imp's attack.
There is a stone staircase leading up here.
The quasit disappears in a puff of smoke!
The quasit bites you but does no damage.
The quasit claws you but does no damage. x2
You block the quokka's attack.
Eustachio casts a spell.
Eustachio blinks!
The white imp gestures at you. The puff of frost hits you!
You die...

#. #....#####. #..
#...!......
#..###..........
#####...............
#.................
.............@....
..........#5..#####
.........5@55..r$.# .
...........r..###.#####.#
#........#.#..##..5.......
#......ยง......##..........
#......).##..###..........
#.#.....^.......5###.....(
#.......###...#.r.5...#...
##.......#..#.............
#.......#.#####..#.......


You could see Eustachio, a quasit, 2 white imps, a shadow imp and a quokka.

Vanquished Creatures
  Blork the orc (D:4)
  A jelly (D:3)
  Terence (D:3)
  An orc wizard (D:3)
  6 adders
  3 oozes
  2 worms
  2 dart slugs
  A leopard gecko (D:1)
  8 orcs
  A ball python (D:2)
  2 giant cockroaches
  13 goblins
  7 hobgoblins
  8 jackals
  7 kobolds
  A quokka (D:4)
  7 bats
  7 frilled lizards
  A jackal zombie (D:4)
  8 rats
88 creatures vanquished.

Notes
Turn   | Place    | Note
-------+----------+-------------------------------------------
     0 | D:1      | Mirai the Hill Orc Fighter began the quest for the Orb.
     0 | D:1      | Reached XP level 1. HP: 19/19 MP: 1/1
    79 | D:1      | Reached XP level 2. HP: 27/27 MP: 2/2
   147 | D:1      | Reached skill level 3 in Axes
   177 | D:1      | Reached XP level 3. HP: 30/33 MP: 3/3
   750 | D:2      | Reached XP level 4. HP: 34/40 MP: 4/4
   981 | D:2      | Reached skill level 4 in Axes
  1333 | D:3      | Found a hide-covered altar of Uskayaw.
  1335 | D:3      | Found a basalt altar of Yredelemnul.
  1335 | D:3      | Found a sacrificial altar of Ru.
  1335 | D:3      | Found a sparkling altar of Nemelex Xobeh.
  1545 | D:3      | Noticed Terence
  1547 | D:3      | Reached XP level 5. HP: 40/46 MP: 5/5
  1567 | D:3      | Killed Terence
  2197 | D:3      | Reached skill level 5 in Axes
  2321 | D:3      | Reached XP level 6. HP: 47/53 MP: 6/6
  2341 | D:4      | Noticed Blork the orc
  2360 | D:4      | Killed Blork the orc
  2380 | D:4      | Found a staircase to the Ecumenical Temple.
  2392 | D:4      | Found a snail-covered altar of Cheibriados.
  2419 | D:4      | Noticed Eustachio
  2446 | D:4      | Killed from afar by a white imp

Skill      XL: |  1  2  3  4  5 |
---------------+----------------+-----
Axes           | 3 4 5 |  5.8
Fighting       | 4 |  4.6
Armour         | 4 |  4.7
Shields        | 4 |  4.7

Action                   |  1- 3 |  4- 6 || total
-------------------------+-------+-------++-------
Melee: War axe           |    94 |   154 ||   248
       Hand axe          |       |    94 ||    94
  Use: Potion            |       |     7 ||     7
  Eat: Chunk             |       |     5 ||     5
Armor: Scale mail        |    46 |    70 ||   116
       Chain mail        |       |    92 ||    92
Dodge: Dodged            |    40 |    76 ||   116
Block: Shield            |    65 |   125 ||   190
